[Event "14th Poti Open-A 2019"]
[Site "Poti"]
[Date "2019.07.20"]
[Round "9.5"]
[White "Lomsadze, Davit"]
[Black "Pantsulaia, Levan"]
[Result "0-1"]
[ECO "A04"]
[WhiteElo "2292"]
[BlackElo "2612"]
[Annotator "RC"]
[PlyCount "66"]
[EventDate "2019.07.13"]
[EventType "swiss"]
[EventCountry "GEO"]
[SourceTitle "playchess.com"]
[Source "ChessBase"]
[SourceQuality "1"]
[TimeControl "40/5400+30:1800+30"]

1. Nf3 c5 2. g3 g6 3. Bg2 Bg7 4. O-O Nc6 5. d3 e6 6. Nc3 Nge7 7. a3 O-O 8. Rb1 b6 9. Bd2 a5 10. Qc1 d5 11. Bh6 Rb8 12. Bxg7 Kxg7 13. Nb5 Ba6 14. c4 Nf5 15. Qf4 Bxb5 16. cxb5 Ncd4 17. Nxd4 Nxd4 18. Rfe1 Nxb5 19. e4 dxe4 20. dxe4 a4 21. Rbd1 Nd4 22. Rd2 Qf6 23. Qe3 e5 24. f4 Rfe8 25. Rf1 Re7 26. h4 exf4 27. Rxf4 Qe5 28. Rdf2 b5 29. g4 b4 30. g5 bxa3 31. bxa3 c4 32. Bf1 Rb3 33. Qc1 Rg3+ 0-1

[Event "14th Poti Open-A 2019"]
[Site "Poti"]
[Date "2019.07.20"]
[Round "9.6"]
[White "Muradli, Mahammad"]
[Black "Chaqryan, Erik"]
[Result "1-0"]
[ECO "E73"]
[WhiteElo "2454"]
[BlackElo "2027"]
[Annotator "ChessBase"]
[PlyCount "115"]
[EventDate "2019.07.13"]
[EventType "swiss"]
[EventCountry "GEO"]
[SourceTitle "playchess.com"]
[Source "ChessBase"]
[SourceQuality "1"]
[TimeControl "40/5400+30:1800+30"]

1. d4 Nf6 2. c4 g6 3. Nc3 Bg7 4. e4 d6 5. Be2 O-O 6. Be3 e5 7. d5 a5 8. h4 Na6 9. h5 Nc5 10. Qc2 c6 11. h6 Bh8 12. Bxc5 dxc5 13. Nf3 a4 14. a3 Qa5 15. O-O Re8 16. Rad1 cxd5 17. Nxd5 Nxd5 18. cxd5 Bd7 19. Nd2 Bf6 20. Nc4 Qc7 21. d6 Qc6 22. Rd5 Rac8 23. Na5 Qb6 24. Qc3 Bh8 25. Rfd1 c4 26. Nxc4 Qd8 27. Qb4 Qh4 28. Nb6 Rc2 29. g3 Qxh6 30. Nxd7 Rxe2 31. Qb5 Qh5 32. Nf6+ Bxf6 33. Qxe8+ Kg7 34. d7 Qf3 35. Rf1 Rxf2 36. Rxf2 Qxg3+ 37. Kf1 Qh3+ 38. Ke2 Qg4+ 39. Kd2 Bg5+ 40. Kc3 Qg3+ 41. Kb4 Qxf2 42. d8=Q Qxb2+ 43. Kxa4 Qc2+ 44. Kb5 Qb3+ 45. Ka5 Qxa3+ 46. Kb6 Qb4+ 47. Kc7 Bxd8+ 48. Rxd8 Qxe4 49. Qf8+ Kf6 50. Rd6+ Kg5 51. Qe7+ Kh6 52. Qxf7 Qf4 53. Rf6 Qc1+ 54. Kb8 Qc5 55. Qe6 b5 56. Rf7 b4 57. Qh3+ Kg5 58. Qg3+ 1-0

[Event "14th Poti Open-A 2019"]
[Site "Poti"]
[Date "2019.07.20"]
[Round "9.10"]
[White "Eynullayev, Atilla"]
[Black "Gharibyan, Mamikon"]
[Result "0-1"]
[ECO "A40"]
[WhiteElo "2228"]
[BlackElo "2350"]
[Annotator "ChessBase"]
[PlyCount "74"]
[EventDate "2019.07.13"]
[EventType "swiss"]
[EventCountry "GEO"]
[SourceTitle "playchess.com"]
[Source "ChessBase"]
[SourceQuality "1"]
[TimeControl "40/5400+30:1800+30"]

1. d4 e6 2. c4 c5 3. d5 exd5 4. cxd5 d6 5. Nc3 a6 6. a4 g6 7. Nf3 Bg7 8. g3 Nh6 9. Bg2 O-O 10. O-O Nd7 11. Bf4 Qe7 12. e4 Ng4 13. Bg5 f6 14. Bc1 Nde5 15. Nxe5 Nxe5 16. f4 Nf7 17. Bd2 f5 18. Re1 Qf6 19. Rb1 Bd7 20. Be3 Rfe8 21. exf5 Bxf5 22. Rc1 g5 23. Qd2 gxf4 24. Bxf4 Ne5 25. Ne4 Qg6 26. Re2 Re7 27. Bg5 Rf7 28. Bf4 Re7 29. Bg5 Rc7 30. Rf1 Rf8 31. h3 Rcf7 32. Bf4 h6 33. Nxc5 Nc4 34. Qc1 dxc5 35. Qxc4 Bd3 36. Re6 Qxg3 37. Qb3 Rxf4 0-1

[Event "14th Poti Open-A 2019"]
[Site "Poti"]
[Date "2019.07.20"]
[Round "9.11"]
[White "Chkhaidze, Nikoloz"]
[Black "Yeritsyan, Hayk"]
[Result "1/2-1/2"]
[ECO "A57"]
[WhiteElo "2330"]
[BlackElo "2210"]
[Annotator "NA"]
[PlyCount "92"]
[EventDate "2019.07.13"]
[EventType "swiss"]
[EventCountry "GEO"]
[SourceTitle "playchess.com"]
[Source "ChessBase"]
[SourceQuality "1"]
[TimeControl "40/5400+30:1800+30"]

1. d4 Nf6 2. c4 c5 3. d5 b5 4. Nf3 g6 5. e4 d6 6. cxb5 Bg7 7. Nc3 a6 8. a4 O-O 9. Bf4 {[%emt 0:07:05] A57: Benko/Volga Gambit} (9. Bd2 Nbd7 10. Be2 axb5 11. axb5 Bb7 12. O-O Nb6 13. Qc2 Qd7 14. h3 e6 15. dxe6 Qxe6 16. Rxa8 Rxa8 {0-1 (70) Karjakin,S (2783)-Nepomniachtchi,I (2751) chess.com INT 2017}) 9... Qa5 10. Qd2 Qb4 $146 ({Predecessor:} 10... axb5 11. Bxb5 Nxe4 12. Nxe4 Qxb5 13. axb5 Rxa1+ 14. Ke2 Rxh1 15. Ne1 Nd7 {1-0 (39) Rauk,T (2200)-Shlokov,V (2277) Tallinn 2006}) 11. e5 Nh5 12. Bg5 dxe5 13. Bxe7 Re8 14. d6 Nd7 15. bxa6 Rxa6 16. Bb5 Nf4 17. g3 e4 18. gxf4 exf3 19. O-O Be5 20. Kh1 Bxf4 21. Qd3 Bxh2 22. Bxd7 Rxe7 23. dxe7 Qh4 24. e8=Q+ Kg7 25. Qxf7+ Kxf7 26. Qxf3+ Bf4+ 27. Qh3 Qxh3+ 28. Bxh3 Bxh3 29. Rfd1 Bg4 30. Rd3 c4 31. Rd4 Bf3+ 32. Kg1 g5 33. Kf1 Rh6 34. Rxf4+ gxf4 35. Ne2 Rh1+ 36. Ng1 h5 37. Ra3 Ba8 38. Rh3 Rxh3 39. Nxh3 f3 40. Kg1 Ke6 41. Kh2 Kd6 42. Kg3 Kc5 43. Ng5 h4+ 44. Kf4 Kb4 45. Nxf3 h3 46. Kg3 $11 Bxf3 1/2-1/2

[Event "14th Poti Open-A 2019"]
[Site "Poti"]
[Date "2019.07.20"]
[Round "9.12"]
[White "Mustafayev, Farid"]
[Black "Manafov, Vugar"]
[Result "1/2-1/2"]
[ECO "B04"]
[WhiteElo "2289"]
[BlackElo "2175"]
[Annotator "NA"]
[PlyCount "92"]
[EventDate "2019.07.13"]
[EventType "swiss"]
[EventCountry "GEO"]
[SourceTitle "playchess.com"]
[Source "ChessBase"]
[SourceQuality "1"]
[TimeControl "40/5400+30:1800+30"]

1. e4 Nf6 2. e5 Nd5 3. d4 d6 4. Nf3 Nb6 5. Be2 g6 6. O-O Bg7 7. a4 a5 8. exd6 cxd6 9. Nc3 O-O 10. Be3 Na6 11. Qd2 Bg4 12. b3 Nb4 13. Nb5 Rc8 14. c3 N4d5 15. Bg5 f6 16. Bh4 e5 17. h3 Be6 18. Bg3 Qe7 19. Rfe1 Rfd8 20. Bf1 Kh8 21. Rad1 Nc7 22. c4 Nxb5 23. axb5 a4 24. Qa5 Qc7 25. c5 dxc5 26. dxe5 fxe5 27. Rxd8+ Qxd8 28. bxa4 Ra8 29. Qc3 Nxa4 30. Qe3 Bg8 31. Bxe5 Qf8 32. Ra1 Bd5 33. Rd1 Nb6 34. Bxg7+ Qxg7 35. Qxc5 Bxf3 36. gxf3 Nd7 37. Qd5 Nf6 38. Qd6 Rf8 39. Rc1 h6 40. Rc7 Rf7 41. b6 Kh7 42. Rxf7 Qxf7 43. Qc7 Qg7 44. Bc4 Ne8 45. Qd8 Qe5 46. Bd5 Qd6 1/2-1/2

[Event "14th Poti Open-A 2019"]
[Site "Poti"]
[Date "2019.07.20"]
[Round "9.13"]
[White "Botoyan, Smbat"]
[Black "Eynullayev, Altay"]
[Result "1/2-1/2"]
[ECO "B94"]
[WhiteElo "2240"]
[BlackElo "2188"]
[Annotator "NA"]
[PlyCount "59"]
[EventDate "2019.07.13"]
[EventType "swiss"]
[EventCountry "GEO"]
[SourceTitle "playchess.com"]
[Source "ChessBase"]
[SourceQuality "1"]
[TimeControl "40/5400+30:1800+30"]

1. e4 c5 2. Nf3 d6 3. Nc3 Nf6 4. d4 cxd4 5. Nxd4 a6 6. Bg5 Nbd7 7. Bc4 Qb6 8. O-O e6 9. Bb3 Be7 10. Bxe6 fxe6 11. Nxe6 Kf7 12. Nd5 Nxd5 13. exd5 Nf6 14. Re1 Bxe6 15. dxe6+ Ke8 16. Bxf6 Bxf6 17. e7 Kd7 18. c4 Kc7 19. Re6 Qd4 20. Qe1 Rae8 21. Rd1 Qxb2 22. c5 dxc5 23. Rb1 Qd4 24. Qa5+ Kd7 25. Ree1 Kc8 26. Qb6 Qd5 27. Qa7 Bxe7 28. Red1 Qc6 29. Rb6 Qc7 30. Qa8+ 1/2-1/2

[Event "14th Poti Open-A 2019"]
[Site "Poti"]
[Date "2019.07.20"]
[Round "9.14"]
[White "Melkonyan, Vardan"]
[Black "Tereladze, Sopiko"]
[Result "1/2-1/2"]
[ECO "C68"]
[WhiteElo "2232"]
[BlackElo "2144"]
[Annotator "NA"]
[PlyCount "59"]
[EventDate "2019.07.13"]
[EventType "swiss"]
[EventCountry "GEO"]
[SourceTitle "playchess.com"]
[Source "ChessBase"]
[SourceQuality "1"]
[TimeControl "40/5400+30:1800+30"]

1. e4 e5 2. Nf3 Nc6 3. Bb5 a6 4. Bxc6 dxc6 5. O-O Bd6 6. d3 f6 7. Nbd2 Bg4 8. Nc4 Ne7 9. Bd2 Qd7 10. b4 O-O 11. Ne3 Bxf3 12. Qxf3 c5 13. a3 Nc6 14. c3 cxb4 15. axb4 a5 16. bxa5 Nxa5 17. Rfb1 b6 18. Nd5 Nc6 19. Be3 Ne7 20. c4 Nxd5 21. cxd5 Rxa1 22. Rxa1 f5 23. exf5 Qxf5 24. Qe4 Qf7 25. g3 b5 26. Kg2 b4 27. Rb1 Rb8 28. Qc4 Qd7 29. Bc5 Bxc5 30. Qxc5 1/2-1/2

[Event "14th Poti Open-A 2019"]
[Site "Poti"]
[Date "2019.07.20"]
[Round "9.15"]
[White "Buniatyan, David"]
[Black "Shmavonyan, Areg"]
[Result "0-1"]
[ECO "C36"]
[WhiteElo "2014"]
[BlackElo "2207"]
[Annotator "ChessBase"]
[PlyCount "87"]
[EventDate "2019.07.13"]
[EventType "swiss"]
[EventCountry "GEO"]
[SourceTitle "playchess.com"]
[Source "ChessBase"]
[SourceQuality "1"]
[TimeControl "40/5400+30:1800+30"]

1. e4 e5 2. f4 d5 3. exd5 exf4 4. Nf3 Nf6 5. Bc4 Bd6 6. d4 Qe7+ 7. Ne5 Bg4 8. Qd2 Bxe5 9. dxe5 Qxe5+ 10. Kf1 f3 11. Qf4 Nbd7 12. h3 fxg2+ 13. Kxg2 Bf5 14. Nc3 O-O-O 15. Be3 Qxf4 16. Bxf4 Nb6 17. Bb3 Nbxd5 18. Nxd5 Be4+ 19. Kf2 Bxd5 20. Rhg1 Rhg8 21. Be5 Bxb3 22. axb3 a6 23. Bxf6 gxf6 24. Rxg8 Rxg8 25. Ra4 Rg6 26. Rd4 c6 27. Re4 f5 28. Rc4 Rd6 29. Rc5 Rd2+ 30. Kf3 Kd7 31. h4 Ke7 32. Kf4 f6 33. Kxf5 Rd5+ 34. Rxd5 cxd5 35. c4 dxc4 36. bxc4 a5 37. c5 a4 38. h5 Kf7 39. Kf4 Ke6 40. Ke4 f5+ 41. Kd4 h6 42. Kc4 Ke5 43. Kb5 f4 44. Kb6 0-1

[Event "14th Poti Open-A 2019"]
[Site "Poti"]
[Date "2019.07.20"]
[Round "9.16"]
[White "Manukyan, Sargis V."]
[Black "Nikoladze, Sopio"]
[Result "1/2-1/2"]
[ECO "D35"]
[WhiteElo "2282"]
[BlackElo "2124"]
[Annotator "NA"]
[PlyCount "51"]
[EventDate "2019.07.13"]
[EventType "swiss"]
[EventCountry "GEO"]
[SourceTitle "playchess.com"]
[Source "ChessBase"]
[SourceQuality "1"]
[TimeControl "40/5400+30:1800+30"]

1. d4 Nf6 2. c4 e6 3. Nc3 d5 4. cxd5 exd5 5. Bg5 Be7 6. e3 O-O 7. Bd3 c6 8. Qc2 Nbd7 9. Nf3 Re8 10. O-O Ne4 11. Bxe4 dxe4 12. Nxe4 f6 13. Bf4 Nf8 14. Nc3 Be6 15. Rfe1 Qa5 16. e4 Rad8 17. Rad1 Qh5 18. d5 Ng6 19. Bg3 Bg4 20. Rd3 Bxf3 21. Rxf3 Bd6 22. Bxd6 Rxd6 23. Qb3 cxd5 24. Rfe3 Rb6 25. Qa4 Ne5 26. exd5 1/2-1/2

[Event "14th Poti Open-A 2019"]
[Site "Poti"]
[Date "2019.07.20"]
[Round "9.17"]
[White "Qalichava, Akaki"]
[Black "Virabyan, Gor"]
[Result "0-1"]
[ECO "B19"]
[WhiteElo "1808"]
[BlackElo "2048"]
[Annotator "NA"]
[PlyCount "115"]
[EventDate "2019.07.13"]
[EventType "swiss"]
[EventCountry "GEO"]
[SourceTitle "playchess.com"]
[Source "ChessBase"]
[SourceQuality "1"]
[TimeControl "40/5400+30:1800+30"]

1. e4 c6 2. d4 d5 3. Nd2 dxe4 4. Nxe4 Bf5 5. Ng3 Bg6 6. h4 h6 7. Nf3 Nd7 8. h5 Bh7 9. Bd3 Bxd3 10. Qxd3 e6 11. Bd2 Ngf6 12. O-O-O Be7 13. Ne4 Nxe4 14. Qxe4 Nf6 15. Qe2 Qd5 16. c4 Qe4 17. Qxe4 Nxe4 18. Be3 O-O 19. Nd2 Nd6 20. Kc2 Rfd8 21. g4 b5 22. c5 Ne8 23. Ne4 Nf6 24. f3 Nd5 25. Bf2 Rd7 26. Rd2 a5 27. Bg3 f5 28. Nc3 Nb4+ 29. Kd1 Rad8 30. Ne2 fxg4 31. Be5 gxf3 32. Nf4 Kf7 33. a3 Nd5 34. Nxd5 Rxd5 35. Rf1 Bxc5 36. Rxf3+ Kg8 37. Kc2 Bd6 38. Re2 Bxe5 39. dxe5 Rf8 40. Rg3 Rf5 41. Reg2 Rd7 42. Rg6 Rxe5 43. Rxh6 a4 44. Rg1 Rc5+ 45. Kb1 Rd1+ 46. Rxd1 gxh6 47. Rd7 Rxh5 48. Rd6 Kf7 49. Rxc6 Rd5 50. Kc2 h5 51. Rc7+ Kg6 52. Re7 Kf5 53. Rf7+ Kg4 54. Re7 h4 55. Rxe6 h3 56. Rg6+ Rg5 57. Rd6 h2 58. Rc6 0-1

[Event "14th Poti Open-A 2019"]
[Site "Poti"]
[Date "2019.07.20"]
[Round "9.18"]
[White "Manukyan, Aleks"]
[Black "Pluzyan, Aram"]
[Result "1-0"]
[ECO "E00"]
[WhiteElo "2097"]
[BlackElo "2087"]
[Annotator "NA"]
[PlyCount "79"]
[EventDate "2019.07.13"]
[EventType "swiss"]
[EventCountry "GEO"]
[SourceTitle "playchess.com"]
[Source "ChessBase"]
[SourceQuality "1"]
[TimeControl "40/5400+30:1800+30"]

1. d4 Nf6 2. c4 e6 3. a3 Ne4 4. g3 d5 5. Bg2 f5 6. Nf3 c6 7. O-O Bd6 8. Qc2 Nd7 9. b4 b5 10. c5 Bc7 11. a4 Ba6 12. Na3 Qb8 13. Qd3 Qb7 14. axb5 Bxb5 15. Nxb5 Qxb5 16. Ra6 Nb8 17. Qxb5 cxb5 18. Rxe6+ Kd7 19. Re5 Bxe5 20. Nxe5+ Ke6 21. f3 Nf6 22. g4 g6 23. g5 Nfd7 24. e4 dxe4 25. fxe4 Nxe5 26. exf5+ gxf5 27. Re1 Nbd7 28. c6 Kf7 29. cxd7 Nxd7 30. Bd5+ Kg6 31. Re6+ Kf7 32. Rf6+ Ke7 33. Rf7+ Kd6 34. Rf6+ Ke7 35. Re6+ Kf7 36. Rf6+ Ke7 37. Rf7+ Kd6 38. Bxa8 Rxa8 39. Bf4+ Ke6 40. Rxh7 1-0

[Event "14th Poti Open-A 2019"]
[Site "Poti"]
[Date "2019.07.20"]
[Round "9.19"]
[White "Licheli, Luka"]
[Black "Kvaratskhelia, Dimitri"]
[Result "0-1"]
[ECO "C41"]
[WhiteElo "2046"]
[BlackElo "2014"]
[Annotator "NA"]
[PlyCount "54"]
[EventDate "2019.07.13"]
[EventType "swiss"]
[EventCountry "GEO"]
[SourceTitle "playchess.com"]
[Source "ChessBase"]
[SourceQuality "1"]
[TimeControl "40/5400+30:1800+30"]

1. e4 d6 2. d4 Nf6 3. Nc3 e5 4. Nf3 Nbd7 5. Bc4 Be7 6. Bxf7+ Kxf7 7. Ng5+ Kg8 8. Ne6 Qe8 9. Nxc7 Qg6 10. Nxa8 Qxg2 11. Rf1 exd4 12. Qxd4 Ne5 13. f4 Nfg4 14. Qd5+ Nf7 15. Qb5 Bh4+ 16. Kd1 Bd7 17. Qe2 Nf2+ 18. Rxf2 Bxf2 19. Kd2 Bg4 20. Qb5 h5 21. Ne2 Qf1 22. c3 Qe1+ 23. Kc2 Qxe2+ 24. Qxe2 Bxe2 25. Nc7 Kh7 26. Nd5 Bf3 27. Kd3 Re8 0-1

[Event "14th Poti Open-A 2019"]
[Site "Poti"]
[Date "2019.07.20"]
[Round "9.20"]
[White "Mindiashvili, Tengiz"]
[Black "Harutyunyan, Gor"]
[Result "0-1"]
[ECO "A05"]
[WhiteElo "1862"]
[BlackElo "1832"]
[Annotator "NA"]
[PlyCount "88"]
[EventDate "2019.07.13"]
[EventType "swiss"]
[EventCountry "GEO"]
[SourceTitle "playchess.com"]
[Source "ChessBase"]
[SourceQuality "1"]
[TimeControl "40/5400+30:1800+30"]

1. Nf3 Nf6 2. b3 d5 3. Bb2 c6 4. e3 Bf5 5. d4 e6 6. Bd3 Bxd3 7. Qxd3 Ne4 8. O-O Bd6 9. Nbd2 f5 10. a4 Qe7 11. Rfd1 O-O 12. Nf1 Nd7 13. Ne5 Rf6 14. f3 Ng5 15. Nxd7 Qxd7 16. Ba3 Rg6 17. Qe2 Bxa3 18. Rxa3 Qd6 19. Raa1 Rf8 20. f4 Ne4 21. Re1 Qb4 22. Rec1 Qc3 23. Qe1 Rgf6 24. Qxc3 Nxc3 25. Re1 a5 26. Nd2 Ra8 27. Nf3 Rf7 28. Ne5 Rc7 29. Nd3 b6 30. Kf2 c5 31. dxc5 bxc5 32. Ne5 Rd8 33. Kf3 c4 34. bxc4 dxc4 35. Ra3 Ne4 36. Raa1 g5 37. fxg5 Rc5 38. Kf4 Rd2 39. Rab1 Rf2+ 40. Nf3 Rxg2 41. Rb8+ Kg7 42. Rb7+ Kf8 43. Rb8+ Ke7 44. Rg1 e5+ 0-1

[Event "14th Poti Open-A 2019"]
[Site "Poti"]
[Date "2019.07.20"]
[Round "9.21"]
[White "Naqopia, Giorgi"]
[Black "Mikayelyan, Mikael"]
[Result "1/2-1/2"]
[ECO "B10"]
[WhiteElo "1680"]
[BlackElo "1736"]
[Annotator "NA"]
[PlyCount "39"]
[EventDate "2019.07.13"]
[EventType "swiss"]
[EventCountry "GEO"]
[SourceTitle "playchess.com"]
[Source "ChessBase"]
[SourceQuality "1"]
[TimeControl "40/5400+30:1800+30"]

1. e4 c6 2. c4 d5 3. exd5 cxd5 4. cxd5 Nf6 5. Qa4+ Nbd7 6. Nc3 g6 7. g3 Bg7 8. Bg2 O-O 9. Nge2 Nb6 10. Qb3 Bg4 11. O-O Bxe2 12. Nxe2 Nfxd5 13. Nc3 Nxc3 14. dxc3 Qc7 15. a4 Nc4 16. Re1 Rab8 17. Bd5 Nd6 18. Bf4 b6 19. Rad1 Rbd8 20. h4 1/2-1/2

[Event "14th Poti Open-A 2019"]
[Site "Poti"]
[Date "2019.07.20"]
[Round "9.22"]
[White "Bechvaia, Gabriel"]
[Black "Liponava, Zurab"]
[Result "1/2-1/2"]
[ECO "A52"]
[WhiteElo "1793"]
[BlackElo "1793"]
[Annotator "NA"]
[PlyCount "106"]
[EventDate "2019.07.13"]
[EventType "swiss"]
[EventCountry "GEO"]
[SourceTitle "playchess.com"]
[Source "ChessBase"]
[SourceQuality "1"]
[TimeControl "40/5400+30:1800+30"]

1. d4 Nf6 2. c4 e5 3. dxe5 Ng4 4. Nf3 Bc5 5. e3 Nc6 6. Be2 O-O 7. O-O Ncxe5 8. Nc3 d6 9. Nxe5 Nxe5 10. Na4 Bb6 11. Nxb6 axb6 12. b3 Qf6 13. Bd2 Qg6 14. Bc3 Re8 15. Bf3 Rb8 16. Bxe5 Rxe5 17. Qd4 h5 18. Rfd1 Bf5 19. Rac1 Be4 20. Bxe4 Rxe4 21. Qd3 Rbe8 22. b4 h4 23. c5 dxc5 24. bxc5 bxc5 25. Rxc5 c6 26. Rc4 h3 27. g3 Qg4 28. Rxe4 Rxe4 29. Qf1 Qe6 30. Qe2 Re5 31. Rd8+ Kh7 32. Rd4 Rd5 33. Rh4+ Kg8 34. g4 Ra5 35. Qd3 Qd5 36. Qh7+ Kf8 37. Rxh3 Rxa2 38. Qh8+ Ke7 39. Qxg7 Rd2 40. e4 Rd1+ 41. Kg2 Qxe4+ 42. Rf3 Rg1+ 43. Kxg1 Qxf3 44. Qe5+ Kd7 45. Qd4+ Ke7 46. h4 Ke6 47. h5 f5 48. gxf5+ Qxf5 49. Qe3+ Kf6 50. Qh6+ Kf7 51. Qd6 Qxh5 52. Qc7+ Ke6 53. Qxb7 Ke5 1/2-1/2

[Event "14th Poti Open-A 2019"]
[Site "Poti"]
[Date "2019.07.20"]
[Round "9.23"]
[White "Mchedlishvili, Ramaz"]
[Black "Kukhilava, Gubaz"]
[Result "1-0"]
[ECO "A01"]
[WhiteElo "1441"]
[BlackElo "1558"]
[Annotator "NA"]
[PlyCount "69"]
[EventDate "2019.07.13"]
[EventType "swiss"]
[EventCountry "GEO"]
[SourceTitle "playchess.com"]
[Source "ChessBase"]
[SourceQuality "1"]
[TimeControl "40/5400+30:1800+30"]

1. b3 e5 2. Bb2 d6 3. e3 g6 4. Nf3 Bg7 5. d4 e4 6. Nfd2 f5 7. c4 c5 8. Nc3 cxd4 9. exd4 Nc6 10. d5 Ne5 11. Qc2 Nf6 12. h3 Bd7 13. O-O-O Qb6 14. f3 e3 15. Ndb1 Nh5 16. Ne2 f4 17. Nbc3 Bf5 18. Ne4 O-O 19. Nd4 Bxe4 20. fxe4 Ng3 21. Rg1 Bh8 22. Be2 Rac8 23. Bg4 Nxg4 24. hxg4 Bxd4 25. Bxd4 Qc7 26. Ba1 Rf7 27. Rge1 b5 28. Qc3 Kf8 29. e5 dxe5 30. Qb4+ Qc5 31. Qxc5+ Rxc5 32. Bxe5 Ne4 33. Rd4 bxc4 34. bxc4 Rc8 35. Rxe4 1-0

[Event "14th Poti Open-A 2019"]
[Site "Poti"]
[Date "2019.07.20"]
[Round "9.24"]
[White "Kvartskhava, Tsotne"]
[Black "Bolkvadze, Tedo"]
[Result "1-0"]
[ECO "E83"]
[WhiteElo "1719"]
[BlackElo "1611"]
[Annotator "NA"]
[PlyCount "151"]
[EventDate "2019.07.13"]
[EventType "swiss"]
[EventCountry "GEO"]
[SourceTitle "playchess.com"]
[Source "ChessBase"]
[SourceQuality "1"]
[TimeControl "40/5400+30:1800+30"]

1. d4 Nf6 2. c4 d6 3. Nc3 g6 4. e4 Bg7 5. f3 O-O 6. Be3 Nc6 7. Qd2 Ne8 8. O-O-O e5 9. Nge2 exd4 10. Nxd4 Nxd4 11. Bxd4 Be6 12. h4 Bxd4 13. Qxd4 Qf6 14. Qe3 Ng7 15. g4 h5 16. Be2 Kh7 17. Rdg1 c6 18. f4 Bxg4 19. Bxg4 hxg4 20. h5 Nxh5 21. Rxg4 Rh8 22. e5 dxe5 23. fxe5 Qe6 24. Qg5 Kg7 25. Rxh5 Rxh5 26. Qxh5 Rh8 27. Qg5 Rh1+ 28. Kc2 Rh2+ 29. Kb3 b5 30. Qf6+ Qxf6 31. exf6+ Kxf6 32. cxb5 cxb5 33. Nxb5 g5 34. Ra4 Kg6 35. Rxa7 g4 36. Ra8 f5 37. a4 f4 38. Rg8+ Kf5 39. Nd6+ Ke6 40. Rxg4 f3 41. Rf4 Kxd6 42. Rxf3 Kc5 43. Rc3+ Kb6 44. Ka3 Rh1 45. b3 Rg1 46. Kb4 Rg4+ 47. Rc4 Rg5 48. Rh4 Kb7 49. Rh6 Rf5 50. a5 Rf4+ 51. Kb5 Rf5+ 52. Ka4 Rf1 53. b4 Rf4 54. Rh5 Rf1 55. Kb5 Rf7 56. a6+ Ka7 57. Ka5 Rf1 58. Rh7+ Ka8 59. b5 Rf5 60. Rh6 Rf8 61. Kb6 Rg8 62. Rd6 Rh8 63. Kc6 Rc8+ 64. Kb6 Rh8 65. Ka5 Rh5 66. Kb4 Rh4+ 67. Kc5 Ka7 68. Rd7+ Kb8 69. Kc6 Rh6+ 70. Rd6 Rh8 71. b6 Ka8 72. b7+ Ka7 73. Kc7 Rh7+ 74. Rd7 Rh8 75. Rd8 Rh7+ 76. Kc8 1-0

[Event "14th Poti Open-A 2019"]
[Site "Poti"]
[Date "2019.07.20"]
[Round "9.26"]
[White "Vahramyan, Grisha"]
[Black "Gegia, Davit"]
[Result "1/2-1/2"]
[ECO "C55"]
[WhiteElo "1335"]
[BlackElo "1386"]
[Annotator "NA"]
[PlyCount "137"]
[EventDate "2019.07.13"]
[EventType "swiss"]
[EventCountry "GEO"]
[SourceTitle "playchess.com"]
[Source "ChessBase"]
[SourceQuality "1"]
[TimeControl "40/5400+30:1800+30"]

1. e4 e5 2. Bc4 Nf6 3. d3 Nc6 4. Nf3 Be7 5. Nc3 O-O 6. O-O d6 7. h3 Na5 8. Bb3 Nd7 9. d4 Nxb3 10. axb3 exd4 11. Nxd4 Nc5 12. b4 Ne6 13. Nf5 Bf6 14. f4 Re8 15. g4 Nf8 16. Ng3 Bd7 17. Qd3 a6 18. Be3 Bh4 19. Nge2 Bf6 20. Kh2 Bc6 21. Bd4 Ne6 22. Bxf6 Qxf6 23. g5 Qe7 24. Ng3 Rad8 25. Rae1 Qd7 26. Rd1 Nf8 27. Nf5 Ne6 28. h4 b5 29. Kg3 a5 30. bxa5 Nc5 31. Qd4 Nxe4+ 32. Nxe4 Qxf5 33. Nc3 b4 34. Nd5 Bxd5 35. Qxd5 Re3+ 36. Rf3 Rxf3+ 37. Qxf3 Qxc2 38. b3 Qa2 39. Qd5 c6 40. Qf3 d5 41. Rc1 Qxa5 42. Rxc6 Qb5 43. Rc7 d4 44. Qe4 g6 45. Qe7 Qd5 46. Qxb4 d3 47. Rc1 Qe6 48. Re1 Qd5 49. Qc3 Qb5 50. Rd1 Qb6 51. Kg2 Qe3 52. Qd2 Qe4+ 53. Kf2 Rc8 54. Qe3 Rc2+ 55. Rd2 Rxd2+ 56. Qxd2 Qd4+ 57. Kf3 Qd5+ 58. Ke3 Qxb3 59. Qxd3 Qb6+ 60. Qd4 Qe6+ 61. Kd2 Qa2+ 62. Kd3 Qb3+ 63. Ke4 Qc2+ 64. Ke5 Qf5+ 65. Kd6 Qe6+ 66. Kc7 Qg4 67. Qd8+ Kg7 68. Qf6+ Kg8 69. Qd8+ {[%emt 0:00:47] Qe6} 1/2-1/2